 Dungeon Crawl Stone Soup version 0.31.0-11-ge490571c62 (webtiles) character file.

Game seed: 15532031129665215226

106 javelincjr the Ruffian (level 5, -10/38 HPs)
             Began as a Djinni Shapeshifter on Jan 29, 2024.
             Killed by divine providence
             ... invoked by an orc priest
              (17 damage)
             ... on level 4 of the Dungeon.
             The game lasted 00:06:54 (2054 turns).

javelincjr the Ruffian (Djinni Shapeshifter)        Turns: 2054, Time: 00:06:54

Health: -10/38     AC:  2    Str: 15    XL:     5   Next: 10%
Gold:   151        EV: 12    Int: 11    God:
                   SH:  0    Dex: 13

rFire   + + .        j - +1 dagger (venom)
rCold   x . .        (no shield)
rNeg    . . .        a - +0 animal skin
rPois   ∞            (helmet currently unavailable)
rElec   .            (cloak currently unavailable)
rCorr   .            (gloves currently unavailable)
SInv    .            (boots unavailable)
Will    .....        (no amulet)
Stlth   +            (no ring)
HPRegen 0.26/turn    (no ring)
MPRegen 0.00/turn

%: infuse magic (-11 HP)
@: beast-form, flying, very slightly contaminated
A: beast (slay +2), flying, sickness immunity, fire resistance 2, cold
vulnerability 1, float, innate caster, HP casting, extra vitality 1
a: Begin Untransformation


You were on level 4 of the Dungeon.
You were a hulking beast.
You visited 1 branch of the dungeon, and saw 3 of its levels.

You collected 151 gold pieces.

Inventory:

Hand Weapons
 j - a +1 dagger of venom (weapon)
Missiles
 p - a throwing net
Armour
 a - a +0 animal skin (worn)
 h - a +0 helmet
Talismans
 c - a beast talisman
 d - a flux talisman
Scrolls
 f - 2 scrolls of fog {unknown}
 i - 2 scrolls of vulnerability {unknown}
 k - a scroll of blinking {unknown}
 l - 3 scrolls of identify {unknown}
 n - a scroll of amnesia {unknown}
 o - a scroll of fear {unknown}
Potions
 b - 2 potions of lignification
 e - a potion of attraction {unknown}
 g - 2 potions of curing {unknown}
 m - a potion of magic {unknown}


   Skills:
 + Level 2.1 Fighting
 + Level 3.0 Dodging
 + Level 3.5 Unarmed Combat
 * Level 3.5 Shapeshifting


You knew the following spells:

 Your Spells              Type           Power      Damage    Failure   Level
a - Foxfire               Conj/Fire      0%         2x1d4     34%         1
b - Call Imp              Summ           0%         N/A       47%         2
Your spell library was empty.

Dungeon Overview and Level Annotations

Branches:
Dungeon (2/15)

Altars:


Innate Abilities, Weirdness & Mutations

You are a hulking beast.
Your limbs bulge with bestial killing power. (Slay +2)
You are flying.
You are immune to sickness and miasma.
You are immune to poison.
Your flesh is very heat resistant. (rF++)
You are vulnerable to cold. (rC-)
You float through the air rather than walking.
You learn spells naturally, not from books.
Your magical power is your life essence.
You have superior vitality. (+4 MHP)


Message History

You miscast Foxfire.
Nothing appears to happen.
The foxfire hits something. x2
You conjure some foxfire!
The foxfire hits something but does no damage.
You conjure some foxfire!
The foxfire hits something.
Reactivating autopickup.
You feel a bit more experienced.
Your Fighting skill increases to level 2!
Your Dodging skill increases to level 3!
You have reached level 5!
The power to cast Call Imp wells up from within.
Spell assigned to 'b'.
Casting: Foxfire (safe; 34% risk of failure)
Confirm with . or Enter, or press ? or * to list all spells.
Okay, then.
You miscast Foxfire.
Nothing appears to happen.
The foxfire hits the orc priest.
The orc priest is moderately wounded.
The foxfire hits the orc priest but does no damage.
The orc priest is moderately wounded.
You are too injured to fight recklessly!
You are too injured to fight recklessly!
The orc priest hits you with a +0 morningstar.
You barely miss the orc priest.
The orc priest is moderately wounded.
The orc priest hits you with a +0 morningstar.
You hit the orc priest.
The orc priest is poisoned.
The orc priest is heavily wounded.
The orc priest mumbles some strange prayers to Beogh against you.
You struggle to resist.
You closely miss the orc priest.
The orc priest is heavily wounded.
The orc priest invokes the aid of Beogh against you.
Pain shoots through your body!
* * * LOW HITPOINT WARNING * * *
You hit the orc priest.
The orc priest looks as sick as possible!
The orc priest is almost dead.
The orc priest mumbles some strange prayers to Beogh against you.
Beogh smites you!
You die...

.
≈..+#################
............>........
#.....oh.............
#....).).............
~...)................
#....................
...####+##'###########
.. #..........#......#
. #..........'......#
###..###..##..#####
#.$ ###+##..##..#


You could see an orc priest (extremely poisoned).

Vanquished Creatures
  An orc wizard (D:4)
  4 gnolls (D:2)
  A ribbon worm (D:2)
  3 dart slugs
  2 orcs (D:4)
  2 endoplasms
  A giant cockroach (D:2)
  3 goblins
  5 hobgoblins
  3 kobolds (D:2)
  2 quokkas (D:1)
  A ball python (D:1)
  3 bats
  2 rats
33 creatures vanquished.

Vanquished Creatures (others)
  66 foxfires
66 creatures vanquished.

Grand Total: 99 creatures vanquished

Notes
Turn   | Place    | Note
-------+----------+-------------------------------------------
     0 | D:1      | javelincjr the Djinni Shapeshifter began the quest for the
                  | Orb.
     0 | D:1      | Reached XP level 1. HP: 17/17 MP: 0/0
   314 | D:1      | Reached XP level 2. HP: 14/22 MP: 0/0
   949 | D:2      | Reached XP level 3. HP: 27/27 MP: 0/0
   949 | D:2      | Learned a level 1 spell: Foxfire
  1363 | D:2      | Reached XP level 4. HP: 5/33 MP: 0/0
  1939 | D:2      | You are sucked into a shaft and drop 2 floors!
  2049 | D:4      | Reached XP level 5. HP: 20/38 MP: 0/0
  2049 | D:4      | Learned a level 2 spell: Call Imp
  2054 | D:4      | Killed from afar by an orc priest

Illustrated notes

Levels and vault maps discovered:
D:1:      nicolae_arrival_washed_ashore, layout_loops_corners
D:2:      layout_basic
D:4:      minmay_clustersquares, layout_gridville, kennysheep_mini_moat,
          grunt_ashenzari_visionary [grunt_ashenzari_visionary_shoals,
          grunt_ashenzari_visionary_spider], chequers_serial_rivers_marsh,
          kennysheep_generic_room_2

Skill      XL: |  1  2  3  4 |
---------------+-------------+-----
Shapeshifting  | 3 |  3.5
Fighting       | 2 |  2.1
Dodging        | 3 |  3.0
Unarmed Combat | |  3.5

Action                     |  1- 3 |  4- 6 || total
---------------------------+-------+-------++-------
  Melee: Unarmed           |    20 |       ||    20
         Dagger            |    25 |    20 ||    45
         Punch             |       |     2 ||     2
   Cast: Foxfire           |    18 |    21 ||    39
 Armour: Animal skin       |    21 |    13 ||    34
  Dodge: Dodged            |    28 |     7 ||    35
